[Event "*** Titled Tuesday Blitz"]
[Site "Chess.com"]
[Date "2021.02.02"]
[Round "4"]
[White "milenapn"]
[Black "Vyacheslav_N"]
[Result "1-0"]
[WhiteElo "2050"]
[BlackElo "2366"]
[TimeControl "180+1"]
[EndTime "10:43:00 PST"]
[Termination "milenapn won on time"]

1. e4 g6 2. d4 Bg7 3. Nc3 c5 4. Nf3 Nf6 5. e5 Ng8 6. d5 d6 7. exd6 exd6 8. Bd3 Ne7 9. O-O O-O 10. Bg5 h6 11.
Bh4 g5 12. Bg3 f5 13. h3 a6 14. a4 b6 15. Ne2 Bb7 16. c4 f4 17. Bh2 Nd7 18. g3 Ne5 19. Nxe5 dxe5 20. gxf4 exf4 21. Nc3 Nc8 22. Qf3 Bxc3 23. bxc3 Nd6 24. Rae1 Bc8 25. Qh5 Qf6 26. Kh1 Bd7 27. Bxf4 Bxh3 28. Qxh3 Qxf4 29. Qe6+ Rf7 30. Re3 Nf5 31. Bxf5 Qxf5 32. Qxf5 Rxf5 33. Re6 b5 34. axb5 axb5 35. cxb5 Rxd5 36. Rxh6 Kg7 37. Rc6 Rh8+ 38. Kg2 Rh4 39. b6 Rf5 40. Rc7+ Kg6 41.
b7 Rg4+ 42. Kh3 Rh4+ 43. Kg3 Rff4 44. f3 Rh8 45. Rc8 Rff8 46. b8=Q Rxc8 47. Qd6+ Kg7 48. Qe7+ Kg6 49. Re1 Rhf8 50. Re6+ Kf5 51. Re5+ Kg6 52.
Qe6+ Kh7 53. Rxg5 Rg8 54. Rxg8 Rxg8+ 55. Kf4 Rg6 56. Qf5 Kg7 57. Qxc5 Rf6+ 58. Qf5 1-0

[Event "*** Titled Tuesday Blitz"]
[Site "Chess.com"]
[Date "2021.02.02"]
[Round "4"]
[White "Forantes"]
[Black "FontVella8"]
[Result "0-1"]
[WhiteElo "2282"]
[BlackElo "2579"]
[TimeControl "180+1"]
[EndTime "10:43:01 PST"]
[Termination "FontVella8 won by checkmate"]

1. Nf3 Nf6 2. g3 d5 3. Bg2 c5 4.
O-O Nc6 5. d4 Bg4 6. c3 e6 7. Bf4 Be7 8. Qb3 Qb6 9. dxc5 Bxc5 10.
Qxb6 Bxb6 11. Nbd2 O-O 12. Nb3 Rfe8 13. h3 Bh5 14. g4 Bg6 15. Ne5 Be4 16. Bxe4 Nxe4 17. Nd7 Bd8 18. Rad1 b6 19. f3 Nf6 20. Nxf6+ Bxf6 21. e4 dxe4 22. fxe4 Rad8 23. Kf2 Be5 24. Be3 Kf8 25.
Ke2 Ke7 26. Nd2 Bc7 27. Nc4 Ne5 28. Nxe5 Bxe5 29. Rxd8 Rxd8 30. Rd1 Rc8 31. Bd4 Bxd4 32. Rxd4 Rc5 33. Ke3 h5 34. Ra4 a5 35. Ra3 hxg4 36.
hxg4 Rb5 37. b3 Kf6 38. Ra4 Kg5 39. Kf3 Rc5 40. c4 Kf6 41. Kf4 g5+ 42. Kf3 Ke5 43. Ke3 Rc8 44. a3 Rh8 45. b4 Rh3+ 46.
Kd2 axb4 47. Rxb4 Kxe4 48. Rxb6 Rxa3 49. Rb5 f5 50. gxf5 exf5 51. c5 g4 52. c6 Rd3+ 53. Ke2 Rc3 54. Rb6 g3 55. Rb4+ Ke5 56.
Rb5+ Kf4 57. Rb4+ Kg5 58. Rb6 Kg4 59. c7 Rxc7 60. Rg6+ Kf4 61. Kf1 Rc1+ 62. Kg2 Rc2+ 63. Kh3 Rh2# 0-1

[Event "*** Titled Tuesday Blitz"]
[Site "Chess.com"]
[Date "2021.02.02"]
[Round "4"]
[White "InitiatingASC"]
[Black "joejan"]
[Result "0-1"]
[WhiteElo "2418"]
[BlackElo "2241"]
[TimeControl "180+1"]
[EndTime "10:43:01 PST"]
[Termination "joejan won by resignation"]

1. Nf3 d5 2. g3 Bf5 3. Bg2 c6 4. O-O e6 5. d3 Nf6 6. Nbd2 Be7 7. a3 O-O 8. b4 h6 9. Rb1 Nbd7 10. b5 c5 11. Bb2 a6 12. bxa6 Rxa6 13. Bxf6 Nxf6 14.
Rxb7 Rxa3 15. Ne5 Bd6 16. Ndf3 Qa8 17. Qb1 Ra1 18. Qxa1 Qxb7 19. Rb1 Ra8 20. Rxb7 Rxa1+ 21. Bf1 Bh3 22. Nd2 Bxe5 23. Rb1 Bxf1 24. Rxa1 Bxa1 25.
Kxf1 Kf8 26. Nb3 Bc3 27. Nxc5 Ke7 28. e3 Kd6 29. Na4 Ba5 30. Ke2 Nd7 31. Nb2 e5 32. c4 Nb6 33. cxd5 Kxd5 34. f4 e4 35. dxe4+ Kxe4 36.
Nd3 Nd7 37. Nf2+ Kd5 38. Kf3 Bb6 39. g4 Nf6 40. Nd3 Bc7 41. h4 h5 42. gxh5 Nxh5 43.
Nb4+ Kc4 44. Nc6 Kc5 45. Ne7 Bd8 46. Nf5 Kd5 47. e4+ Ke6 48. Nd4+ Kd7 49. Kg4 g6 50. f5 Nf6+ 51. Kf3 Kd6 52. Kf4 Nh5+ 53. Kf3 Bxh4 54.
fxg6 fxg6 55. Kg4 Bf6 56. Nf3 Be7 57. e5+ Kd5 58. Nh4 Bxh4 59. Kxh4 Kxe5 60. Kg5 Nf4 61. Kg4 Ne6 62. Kh4 Kf5 63. Kg3 g5 64. Kh3 g4+ 65. Kg3 Kg5 66. Kg2 Kf4 67. Kf2 g3+ 68.
Kg2 Kg4 69. Kh1 Kf3 70. Kg1 g2 71. Kh2 Kf2 72. Kh3 g1=Q 0-1

[Event "*** Titled Tuesday Blitz"]
[Site "Chess.com"]
[Date "2021.02.02"]
[Round "4"]
[White "Kostya_Nikologorskiy"]
[Black "Chopper1905"]
[Result "0-1"]
[WhiteElo "2675"]
[BlackElo "2924"]
[TimeControl "180+1"]
[EndTime "10:43:02 PST"]
[Termination "Chopper1905 won by resignation"]

1. d4 Nf6 2. Bf4 d5 3. Nf3 c5 4.
e3 Nc6 5. c3 Qb6 6. Qb3 c4 7.
Qxb6 axb6 8. Nbd2 b5 9. a3 Bf5 10. Rc1 h6 11. h3 e6 12. g4 Bh7 13. Bg2 Bd3 14. Bf1 Bh7 15. g5 hxg5 16. Nxg5 Bf5 17. h4 Be7 18. Be2 Nd7 19. h5 e5 20. dxe5 Ncxe5 21. Ngf3 Nd3+ 22. Bxd3 Bxd3 23. Nd4 b4 24. cxb4 Nf6 25. f3 Rxh5 26. Kf2 Kd7 27. Rxh5 Nxh5 28.
Be5 Re8 29. Rh1 g6 30. Nb5 Bxb4 31. axb4 Rxe5 32. Nc3 Rf5 33. Rh4 Ng7 34. b3 cxb3 35.
Nxb3 Ne6 36. Kg2 Bc4 37. Na5 b5 38. Nb7 Rg5+ 39. Kf2 Rh5 40. Rg4 Rh2+ 41. Kg3 Rc2 42. Nd1 Rd2 43. Nf2 Rb2 44. e4 d4 45. e5 d3 46. Ne4 Kc6 47. Nbc5 Nxc5 48. Nxc5 d2 49.
Rd4 Rxb4 50. Ne4 Rb3 51. Rd6+ Kc7 52. Nxd2 Rd3 53. Nxc4 bxc4 54. Rf6 c3 55. Rxf7+ Kd8 56. Rf8+ Kd7 57. Rf7+ Ke6 58. Rc7 Kxe5 59. Rc5+ Kd4 60. Rc6 Ke3 61. Rxg6 c2 62. Rc6 Kd2 63. Rxc2+ Kxc2 64. Kg4 Kc3 65. f4 Kd4 66. f5 Ke5 67. Kg5 Rg3+ 68. Kh4 Rf3 0-1

[Event "*** Titled Tuesday Blitz"]
[Site "Chess.com"]
[Date "2021.02.02"]
[Round "4"]
[White "Yashasd1995"]
[Black "Vaathi_Coming"]
[Result "1/2-1/2"]
[WhiteElo "2636"]
[BlackElo "2836"]
[TimeControl "180+1"]
[EndTime "10:43:06 PST"]
[Termination "Game drawn by repetition"]

1. b3 g6 2. Bb2 Nf6 3. Bxf6 exf6 4. c4 Bg7 5. Nc3 f5 6. Rc1 b6 7. e3 Bb7 8. Nf3 O-O 9. g3 Nc6 10. Bg2 Re8 11. O-O Nb4 12. d4 a5 13. a3 Na6 14.
Qd2 Qe7 15. Qb2 Bf6 16. Nd5 Bxd5 17. cxd5 Nc5 18. Qa2 Ne4 19. Rxc7 Qd6 20. Rfc1 Qxd5 21. Nd2 a4 22. Bxe4 fxe4 23. R1c4 axb3 24. Qxb3 Kg7 25. Qxb6 Rxa3 26. R7c5 Qa8 27. Qc7 d5 28. Rc1 Ra2 29.
R5c2 Re7 30. Qc3 Rea7 31. Nb3 R2a3 32. Rb2 Rb7 33. Qc2 Qb8 34. Rcb1 Be7 35. Nc5 Rxb2 36. Rxb2 Qc8 37. Kg2 h5 38. h4 Qf5 39. Qe2 Bxc5 40. dxc5 d4 41. exd4 Qd5 42. Rc2 f5 43. c6 Ra8 44. c7 Rc8 45. Qa6 e3+ 46. Kh2 Qd7 47.
fxe3 f4 48. Qa5 fxg3+ 49. Kxg3 Qg4+ 50. Kf2 Rf8+ 51. Ke1 Qg3+ 52. Kd2 Qf2+ 53. Kc1 Qf1+ 54. Kb2 Rc8 55. Qe5+ Kh7 56. Qe7+ Kh6 57. Qe6 Qb5+ 58.
Kc1 Qf1+ 59. Kb2 Qb5+ 60. Kc1 Qf1+ 61. Kb2 1/2-1/2

[Event "*** Titled Tuesday Blitz"]
[Site "Chess.com"]
[Date "2021.02.02"]
[Round "4"]
[White "kingofthenil"]
[Black "Smirnov_Pavel"]
[Result "0-1"]
[WhiteElo "2656"]
[BlackElo "2873"]
[TimeControl "180+1"]
[EndTime "10:43:06 PST"]
[Termination "Smirnov_Pavel won on time"]

1. e4 c5 2. d3 Nc6 3. g3 g6 4. Bg2 Bg7 5. f4 d6 6. Nf3 Nf6 7. O-O O-O 8. Nc3 Rb8 9. h3 b5 10. g4 b4 11. Ne2 a5 12. Rb1 a4 13. Be3 Ba6 14. b3 axb3 15. axb3 Bb5 16. Qd2 Ra8 17. f5 Ra2 18. Nc1 Ra3 19. Bh6 Qb6 20. Kh1 Ne5 21. Nxe5 dxe5 22. Be3 Qd6 23. Qf2 Nd7 24.
Ne2 Ra2 25. Nc1 Raa8 26. Ne2 Bc6 27. Ng3 Ra2 28. h4 Nf6 29. Bf3 Nd7 30. Ra1 Rfa8 31. Rxa2 Rxa2 32. Bd1 f6 33. fxg6 hxg6 34. h5 g5 35. h6 Bh8 36. Nf5 Qe6 37. h7+ Kf7 38.
Qh2 Ke8 39. Nh6 Ra1 40. Qh5+ Kf8 41. Qg6 Bg7 42. Bxg5 c4 43. bxc4 b3 44. cxb3 Nc5 45.
Be2 Ra2 46. Nf5 Qf7 47. h8=Q+ Bxh8 48. Bh6+ Ke8 49. Qxf7+ Kxf7 50. Re1 Nxb3 51. Be3 Ke6 52. Kg1 Kd7 53. g5 e6 54. Ng3 fxg5 55. Bxg5 Nd4 56. Be3 Nc2 57. Kf2 Nxe1 58. Kxe1 Bf6 59. Nh5 Bh4+ 60.
Kd1 Ba4+ 0-1

[Event "*** Titled Tuesday Blitz"]
[Site "Chess.com"]
[Date "2021.02.02"]
[Round "4"]
[White "Msb2"]
[Black "Lagmantr"]
[Result "1-0"]
[WhiteElo "2906"]
[BlackElo "2757"]
[TimeControl "180+1"]
[EndTime "10:43:07 PST"]
[Termination "Msb2 won by resignation"]

1. d4 Nf6 2. Nc3 c6 3. e4 d6 4. Nf3 Qc7 5. Bf4 Nbd7 6. e5 Nh5 7. exd6 exd6 8. Qe2+ Be7 9. Bg5 Ndf6 10. h3 h6 11. Bd2 d5 12. Ne5 g5 13. Qf3 Be6 14.
Bd3 O-O-O 15. O-O-O Kb8 16. Kb1 Ka8 17. Ne2 c5 18.
Bf5 Rhf8 19. Rhe1 Ng7 20. Ng3 cxd4 21. Nd3 Ne4 22. Nxe4 Nxf5 23. Ng3 Nh4 24. Qh5 Rc8 25. Rc1 Nxg2 26. Rg1 Nf4 27. Bxf4 gxf4 28. Nf5 Bg5 29.
Nxh6 Bxh6 30. Qxh6 Bf5 31. Qxf4 Bxd3 32. Qxc7 Rxc7 33.
cxd3 Rxc1+ 34. Kxc1 Rh8 35. Rh1 Kb8 36. Kd2 Kc7 37.
Ke2 Kd6 38. Kf3 Ke5 39. Re1+ Kf5 40. Re7 Rxh3+ 41. Ke2 f6 42. Rxb7 Rh1 43. Rxa7 Rc1 44. b4 Kf4 45. b5 Rc2+ 46. Kd1 Rxf2 47. Kc1 Re2 48. b6 Re8 49. a4 f5 50. a5 Rb8 51.
Rf7 Ke3 52. b7 Kxd3 53. a6 Kc3 54. a7 Rh8 55. Rc7+ Kd3 56. b8=Q Rh1+ 57. Kb2 Rh2+ 58. Ka3 Rh1 59. Qb3+ Ke4 60. Qc2+ Kf4 61. Qf2+ Ke5 62. Re7+ Kd6 63. Rg7 Ra1+ 64. Kb2 Rxa7 65. Rxa7 1-0

[Event "*** Titled Tuesday Blitz"]
[Site "Chess.com"]
[Date "2021.02.02"]
[Round "4"]
[White "serhanberat_ozdemir"]
[Black "Carnivoras"]
[Result "0-1"]
[WhiteElo "2418"]
[BlackElo "2602"]
[TimeControl "180+1"]
[EndTime "10:43:07 PST"]
[Termination "Carnivoras won by resignation"]

1. e4 e5 2. Nf3 Nc6 3. d4 exd4 4. Bc4 Be7 5. c3 d6 6. cxd4 Nf6 7. Nc3 O-O 8. h3 Be6 9. Bxe6 fxe6 10. O-O Qd7 11. e5 Nd5 12. Ne4 Rf5 13. Ng3 Rf7 14. exd6 cxd6 15.
Re1 Raf8 16. Ne4 h6 17. a4 Kh8 18. Nc3 Ncb4 19. Nxd5 Nxd5 20. Re4 Bd8 21. Qd3 Rf5 22. Bd2 Qf7 23. Rae1 Re8 24. a5 a6 25. b4 Nf6 26.
Rxe6 Rxe6 27. Qxf5 Rxe1+ 28. Bxe1 Qc4 29. g3 Be7 30.
Nh4 Kg8 31. Ng6 Kf7 32. Bd2 Qe2 33. Be3 Qd1+ 34. Kg2 Qb3 35. Nf4 Qc4 36. d5 Qe4+ 37. Qxe4 Nxe4 38. Ne6 Bf6 39. Nc7 Bc3 40. Na8 Bxb4 41.
Bb6 Nc3 42. Nc7 Na4 43. Kf3 Nxb6 44. axb6 Bc5 45. Na8 a5 46. Ke2 a4 47. Kd2 Bxf2 48. g4 Kf6 49. Kc3 Bc5 50. Kc4 Kg5 51. Nc7 Bxb6 52.
Nb5 Bc5 53. Nc3 a3 54. Kb3 Kh4 55. Ne4 b6 56. g5 hxg5 57. Ka2 Kxh3 58. Nxg5+ Kg4 59.
Ne6 g5 60. Kb3 Kf5 61. Nxc5 bxc5 62. Kxa3 g4 0-1

[Event "*** Titled Tuesday Blitz"]
[Site "Chess.com"]
[Date "2021.02.02"]
[Round "4"]
[White "1977Ivan"]
[Black "TimofeevAr"]
[Result "0-1"]
[WhiteElo "2716"]
[BlackElo "2866"]
[TimeControl "180+1"]
[EndTime "10:43:08 PST"]
[Termination "TimofeevAr won on time"]

1. Nf3 Nf6 2. g3 g6 3. b3 Bg7 4. Bb2 c5 5. c4 d6 6. Bg2 e5 7. O-O O-O 8. Nc3 Nc6 9. d3 h6 10. a3 Be6 11. b4 cxb4 12. axb4 Nxb4 13. Ba3 Nc6 14. Nb5 Ne8 15. Rb1 Qd7 16. Nd2 a6 17.
Nc3 e4 18. Nd5 exd3 19. exd3 Rd8 20. Re1 Kh8 21. Ne4 b5 22. cxb5 Bxd5 23. bxc6 Bxc6 24. Qd2 Bb5 25. Bb2 Bxb2 26. Qxb2+ Kh7 27. Nf6+ Nxf6 28.
Qxf6 Rde8 29. Bd5 Qd8 30. Qf4 Rxe1+ 31. Rxe1 Kg7 32. d4 Qf6 33. Qd2 Re8 34. Rc1 Re7 35.
h4 h5 36. Kg2 Re2 37. Qf4 Qxf4 38. gxf4 Re7 39. Rc8 Ra7 40. Rd8 a5 41. Rxd6 a4 42.
Rb6 Bd3 43. Kf3 Bf5 44. Rb4 Be6 45.
Bxe6 fxe6 46. Rb2 a3 47. Ra2 Kf6 48. Ke4 Ra4 49. f3 Ra5 50. f5 gxf5+ 51. Kf4 Ra4 52. Ke3 Ke7 53. Kd3 Kd6 54. Kc3 Kd5 55. Kb3 Rxd4 56.
Kxa3 Rxh4 57. Rd2+ Ke5 58. Kb2 Rh3 59. Re2+ Kf6 60.
Re3 f4 61. Ra3 e5 62. Kc2 Kg5 63. Kd2 Kh4 64. Ke2 Kg3 0-1

[Event "*** Titled Tuesday Blitz"]
[Site "Chess.com"]
[Date "2021.02.02"]
[Round "4"]
[White "jens1102"]
[Black "kidagent"]
[Result "0-1"]
[WhiteElo "2431"]
[BlackElo "2284"]
[TimeControl "180+1"]
[EndTime "10:43:09 PST"]
[Termination "kidagent won by checkmate"]

1. e4 c5 2. Nf3 d6 3. c3 Nf6 4.
Be2 Nc6 5. d3 g6 6. O-O Bg7 7.
Nbd2 O-O 8. a4 b6 9. Nc4 Bb7 10.
h3 e6 11. Bg5 h6 12. Bf4 d5 13. exd5 Nxd5 14. Bh2 Ba6 15. Qc2 Qd7 16. Nce5 Nxe5 17. Nxe5 Qc8 18. a5 Rd8 19. Rfd1 Ne7 20. Bf3 Bb7 21. a6 Bxf3 22. Nxf3 Nc6 23. Qe2 Qd7 24.
Ne5 Nxe5 25. Bxe5 Rac8 26. Bxg7 Kxg7 27. d4 c4 28. Qe5+ Kg8 29. d5 exd5 30. Rd4 Qe6 31.
Re1 Re8 32. Rxd5 Qc6 33. h4 Rxe5 34. Rdxe5 Kg7 35. h5 gxh5 36. Rxh5 Re8 37. Rd1 Re2 38. Rhd5 Rxb2 39. R1d4 Qe6 40. f3 Qe1+ 41. Kh2 Qxc3 42.
Rg4+ Kf6 43. Rf4+ Ke6 44. Rdf5 f6 45. Rh5 Rd2 46. Re4+ Kd6 47. Rxh6 Kc6 48. Re6+ Kb5 49. Rhxf6 Kxa6 50. Rf7 Qb2 51. Rg6 c3 52. Rgg7 Rxg2+ 53. Rxg2 Qb3 54. Rgg7 c2 55. Rxa7+ Kb5 56. Rg5+ Kc6 57.
Rg8 Qxg8 58. Ra8 Qxa8 59. Kh3 Qh8+ 60. Kg3 c1=Q 61. Kf2 Qd2+ 62. Kg3 Qhd4 63. Kh3 Q4e3 64. Kh4 Qdf2+ 65. Kh5 Qfxf3+ 66. Kg6 Qef2 67. Kh7 Q2g2 68. Kh8 Qfh3# 0-1

[Event "*** Titled Tuesday Blitz"]
[Site "Chess.com"]
[Date "2021.02.02"]
[Round "4"]
[White "mirochka"]
[Black "kai_nov"]
[Result "1-0"]
[WhiteElo "2208"]
[BlackElo "2391"]
[TimeControl "180+1"]
[EndTime "10:43:10 PST"]
[Termination "mirochka won by checkmate"]

1. e4 c5 2. d4 cxd4 3. c3 Nf6 4. e5 Nd5 5. Nf3 Nc6 6. Bc4 Nb6 7. Bb3 d5 8. exd6 Qxd6 9. Na3 dxc3 10. Qxd6 exd6 11.
Nb5 Rb8 12. bxc3 a6 13. Be3 axb5 14. Bxb6 Be7 15. Nd4 b4 16. O-O-O bxc3 17. Rhe1 O-O 18. Nxc6 Bg5+ 19. Kc2 bxc6 20. Bc7 Bf5+ 21. Kxc3 Bf6+ 22.
Kd2 Rb7 23. Bxd6 Rd7 24. Ke2 Rfd8 25. Bb4 Bd3+ 26. Ke3 g6 27. f3 Bg5+ 28. f4 Bh4 29. g3 Bf6 30. Kf3 Rd6 31. Bxd6 Rxd6 32. Re8+ Kg7 33.
Ree1 c5 34. Re3 c4 35. Bxc4 Be4+ 36. Kxe4 Rxd1 37. Rd3 Rb1 38. Rb3 Rc1 39. Bd5 Rc2 40. Rb7 Rxh2 41. Rxf7+ Kh6 42. Rxf6 Re2+ 43. Kd4 Kh5 44.
Rf7 h6 45. Rh7 Kg4 46. Rxh6 Kxg3 47. Rxg6+ Kxf4 48. Ra6 Rd2+ 49. Kc5 Rd1 50. Bc4 Ke5 51. Re6+ Kf5 52. Re8 Rc1 53. a4 Ra1 54. Ra8 Ra3 55.
a5 Ke5 56. a6 Kf6 57. Re8 Kg7 58. Re2 Ra5+ 59. Kb4 Ra1 60. Ra2 Rb1+ 61. Kc5 Rb8 62. a7 Ra8 63. Kb6 Rc8 64. Bd5 Rd8 65. a8=Q Rd6+ 66. Kc7 Rf6 67. Qd8 Rg6 68. Qe7+ Kh6 69.
Rh2# 1-0

[Event "*** Titled Tuesday Blitz"]
[Site "Chess.com"]
[Date "2021.02.02"]
[Round "4"]
[White "ZEN-22"]
[Black "SlavenPastar"]
[Result "0-1"]
[WhiteElo "2476"]
[BlackElo "2638"]
[TimeControl "180+1"]
[EndTime "10:43:11 PST"]
[Termination "SlavenPastar won by checkmate"]

1. e3 b6 2. Ne2 Bb7 3. d4 e6 4. c4 f5 5. Nbc3 Nf6 6. d5 Na6 7. a3 Nc5 8. b4 Nce4 9. Nxe4 Nxe4 10. Bb2 a5 11. b5 Nf6 12. Nf4 exd5 13. Nxd5 Nxd5 14. cxd5 Qg5 15. h4 Qg6 16. g3 Bd6 17. h5 Qh6 18. Bg2 O-O 19. Qd4 Rae8 20. Bf3 f4 21.
gxf4 Rxf4 22. Qd1 Rf7 23. Qe2 Ref8 24. Be4 Rxf2 25. Qxf2 Rxf2 26. Kxf2 Bc5 27. Rae1 Qd6 28. Rhg1 Qh2+ 29. Kf1 Qxb2 30. Re2 Qxb5 31. Kf2 Ba6 32. Rc2 Qb3 33. Re1 Bd3 34. Bxd3 Qxd3 35. Ree2 Qxd5 36. Ke1 Qxh5 37. Rh2 Qe5 38. Rce2 Qc3+ 39. Kf2 Qxa3 40. Rh3 Qc3 41. Kg2 a4 42. e4 Qe5 43. Rg3 a3 44. Kh3 a2 45. Rxa2 Qe6+ 46. Rg4 Qxa2 47.
Kh4 Qe6 48. e5 Qxg4+ 49. Kxg4 Kf7 50. Kf5 Ke7 51. Ke4 Ke6 52. Kd3 g6 53. Kc4 Kxe5 54.
Kd3 g5 55. Kc4 g4 56. Kb5 g3 57. Ka6 g2 58. Kb7 g1=Q 59. Kxc7 h5 60. Kxd7 h4 61. Kc8 h3 62. Kb8 h2 63. Ka7 Qg7+ 64. Ka6 h1=Q 65. Kb5 Qb1+ 66. Kc6 Qf6+ 67. Kb7 Qe4+ 68. Ka6 Qa4+ 69.
Kb7 Qe7+ 70. Kb8 Qaa7+ 71. Kc8 Qa8# 0-1

[Event "*** Titled Tuesday Blitz"]
[Site "Chess.com"]
[Date "2021.02.02"]
[Round "4"]
[White "Taabling"]
[Black "erlesfar"]
[Result "0-1"]
[WhiteElo "2323"]
[BlackElo "2496"]
[TimeControl "180+1"]
[EndTime "10:43:11 PST"]
[Termination "erlesfar won on time"]

1. e4 d5 2. exd5 Qxd5 3. Nc3 Qa5 4. d4 Nf6 5. Bc4 Nc6 6. d5 Nb4 7. Bb5+ c6 8. dxc6 Nxc6 9. Ne2 Bg4 10. h3 Rd8 11. Bd2 Bh5 12. O-O e6 13. a3 Qb6 14.
Qe1 Be7 15. Be3 Qc7 16. Bd3 O-O 17. Nf4 Bg6 18. Nxg6 hxg6 19. Nb5 Qb8 20. Rd1 a6 21. Nc3 Nd5 22. Nxd5 exd5 23. Bb6 Rd7 24. Qe3 Bf6 25.
c3 Re8 26. Qc1 Qd6 27. Be3 Rde7 28. Bf4 Qc5 29. Bc2 d4 30. Bb3 Re2 31. Rd2 dxc3 32. Rxe2 Rxe2 33. Be3 Qb5 34. Qd1 cxb2 35. Ba4 b1=Q 36.
Qxb1 Qxa4 37. Qxb7 Qb5 38. Qc8+ Kh7 39. Qd7 Ne5 40.
Qd1 Qd3 41. Qa4 Nc4 42. Bc5 Bd4 43. Rd1 Bxf2+ 44. Bxf2 Qe4 45. Rf1 Nd2 46. Qxe4 Nxe4 47. Bc5 f5 48. Bb4 Rc2 49. Rf3 Ng5 50. Rf2 Rxf2 51. Kxf2 Ne4+ 52. Kf3 g5 53. g4 Kg6 54. gxf5+ Kxf5 55. Bf8 g6 56. Be7 Nd2+ 57. Ke2 Nc4 58. Kf3 Ne5+ 59. Kg3 g4 60. hxg4+ Nxg4 61. Bb4 Ne5 62.
Bf8 g5 63. Bd6 Nc4 64. Be7 g4 65. Bf8 Nd2 66. Bc5 Ne4+ 67. Kg2 Nxc5 0-1

[Event "*** Titled Tuesday Blitz"]
[Site "Chess.com"]
[Date "2021.02.02"]
[Round "4"]
[White "GameOverBro"]
[Black "KaterinaMiroshnik"]
[Result "0-1"]
[WhiteElo "2433"]
[BlackElo "2611"]
[TimeControl "180+1"]
[EndTime "10:43:13 PST"]
[Termination "KaterinaMiroshnik won by resignation"]

1. e4 e6 2. d4 d5 3. Nd2 Nf6 4. e5 Nfd7 5. f4 c5 6. c3 Nc6 7. Ndf3 a5 8. h4 a4 9. h5 a3 10. b3 cxd4 11. cxd4 Bb4+ 12. Bd2 Qa5 13. Rc1 Qb6 14.
Bxb4 Qxb4+ 15. Qd2 Qxd2+ 16. Kxd2 f6 17. Bb5 Ndb8 18. Ne2 Kf7 19. Bxc6 Nxc6 20. Nc3 Ra5 21. Na4 Rf8 22. Kc2 Bd7 23. Kb1 Rb8 24. Nc5 Be8 25. Rhe1 b6 26. Nd3 f5 27. Ng5+ Ke7 28. Nxh7 Nxd4 29. Rc7+ Bd7 30. Ng5 Nb5 31. Rc2 Rh8 32. Rh1 Raa8 33. g4 fxg4 34. Rg2 Be8 35. Rxg4 Bg6 36. Kc2 Rac8+ 37. Kd2 Bxd3 38. Kxd3 Rc3+ 39. Kd2 Rhc8 40. Rd1 Nd4 41. Ke1 Nc2+ 42. Kf2 Ne3 43. Rdg1 Nxg4+ 44. Rxg4 Rc2+ 45. Kg3 Rxa2 46. Nf3 Kf8 47.
Nd4 Re8 48. f5 Rd2 49. Nxe6+ Rxe6 50. fxe6 a2 51. Ra4 Ke7 52. Ra6 Kxe6 53. Rxb6+ Kxe5 54. Ra6 Kd4 55. Kf3 Kc3 56. Ke3 Rh2 57. b4 d4+ 58.
Ke4 d3 59. b5 d2 60. Rxa2 d1=Q 61. Rxh2 Qg4+ 62. Kd5 Qf5+ 63. Kc6 Qe6+ 64. Kb7 Qd7+ 65. Ka8 Qxb5 66. Rh3+ Kb4 67. Rh1 Qc6+ 68. Kb8 Qxh1 69. h6 gxh6 70. Kc8 Qc6+ 71. Kd8 Qa6 72. Ke8 0-1

[Event "*** Titled Tuesday Blitz"]
[Site "Chess.com"]
[Date "2021.02.02"]
[Round "4"]
[White "Happy1712Drummer"]
[Black "bazar-wokzal"]
[Result "1/2-1/2"]
[WhiteElo "2348"]
[BlackElo "2525"]
[TimeControl "180+1"]
[EndTime "10:43:14 PST"]
[Termination "Game drawn by agreement"]

1. d4 Nf6 2. Nf3 e6 3. g3 b5 4.
Bg2 Bb7 5. O-O c5 6. c3 Na6 7. a4 b4 8. Bf4 Be7 9. Nbd2 bxc3 10. bxc3 cxd4 11. cxd4 Nb4 12. Nc4 Ne4 13. Qb3 O-O 14. Ne1 d5 15. Ne5 Ba6 16. N1d3 f6 17. Nxb4 fxe5 18. Nxa6 exf4 19. Bxe4 dxe4 20. Qxe6+ Kh8 21. Qxe4 Rc8 22. Rac1 Rxc1 23. Rxc1 Bf6 24. Rd1 fxg3 25. hxg3 Re8 26. Qg4 Qa5 27. Nc5 Qc3 28. e3 Qc2 29.
Nd7 Be7 30. Ne5 Rf8 31. Rf1 Qxa4 32. Qe6 Qe8 33. Nc6 Bf6 34. Qxe8 Rxe8 35. Nxa7 Ra8 36. Nc6 Ra2 37. Nb4 Rd2 38. Nd5 Bg5 39. Kg2 h5 40.
Kf3 g6 41. Nf4 Kh7 42. Rh1 Bf6 43. Nh3 Kg7 44. Nf4 Be7 45. Ne6+ Kf6 46. Nc7 Bd6 47. Nd5+ Ke6 48. Nc3 Rc2 49. Ne4 Be7 50. Rb1 Rc6 51.
Rb5 Kf7 52. Ng5+ Kg7 53. Ne4 Kf7 54. d5 Ra6 55. Rb7 Kf8 56. Ng5 Bxg5 57. e4 Rf6+ 58. Kg2 Rd6 59. f4 Be7 60. Rb5 Ra6 61. e5 Ra2+ 62. Kf3 Rd2 63. d6 Bxd6 64. exd6 Rxd6 65. Rb7 Kg8 66. Kg2 1/2-1/2

[Event "*** Titled Tuesday Blitz"]
[Site "Chess.com"]
[Date "2021.02.02"]
[Round "4"]
[White "IljaJoke"]
[Black "PavelShkapenko"]
[Result "1/2-1/2"]
[WhiteElo "2511"]
[BlackElo "2724"]
[TimeControl "180+1"]
[EndTime "10:43:15 PST"]
[Termination "Game drawn by repetition"]

1. d4 Nf6 2. c4 e6 3. g3 Bb4+ 4. Bd2 Qe7 5. Nf3 Nc6 6. Nc3 Bxc3 7. Bxc3 Ne4 8. Rc1 O-O 9. Bg2 d6 10. d5 Nxc3 11. Rxc3 Nb8 12. dxe6 fxe6 13. O-O Nd7 14. Nd2 Nf6 15. Ne4 Rb8 16. Qc2 b6 17. Re3 h6 18. Nc3 Qf7 19. h3 a5 20. b3 Bd7 21. Qd3 Rbe8 22. Ne4 Kh8 23. Nxf6 Qxf6 24. Rf3 Qe7 25. Rxf8+ Rxf8 26. f4 e5 27. e3 exf4 28.
exf4 Bf5 29. Qd4 Re8 30. Kh2 Bd7 31. f5 Qf6 32. Qf4 Re2 33. Rf2 Rxf2 34. Qxf2 Qxf5 35. Qe3 Qe5 36. Qd2 g5 37. Bd5 Kg7 38. Qf2 Bf5 39. Kg1 h5 40. g4 hxg4 41. hxg4 Bxg4 42. Qf7+ Kh6 43. Qxc7 Qe3+ 44. Kg2 Bh3+ 45. Kh2 Bf5 46. Qxd6+ Kh5 47. Bf7+ Kg4 48. Bd5 Qf2+ 49. Kh1 Qf1+ 50.
Kh2 Qe2+ 51. Kh1 Qd1+ 52. Kh2 Qd2+ 53. Kg1 Qd4+ 54. Kg2 Be4+ 55. Kf1 Qd1+ 56. Kf2 Qd2+ 57. Kf1 Bd3+ 58. Kg1 Qe1+ 59. Kg2 Qf1+ 60. Kh2 Qf2+ 61. Kh1 Qe1+ 62. Kg2 Qd2+ 63. Kg1 Qd1+ 64. Kg2 Be4+ 65. Kf2 Qd2+ 66. Kf1 Bd3+ 67. Kg1 1/2-1/2

[Event "*** Titled Tuesday Blitz"]
[Site "Chess.com"]
[Date "2021.02.02"]
[Round "4"]
[White "EmirhanTarlabasi"]
[Black "mbojan"]
[Result "1/2-1/2"]
[WhiteElo "2497"]
[BlackElo "2662"]
[TimeControl "180+1"]
[EndTime "10:43:16 PST"]
[Termination "Game drawn by repetition"]

1. d4 g6 2. c4 Bg7 3. h4 Nf6 4.
Nc3 d6 5. h5 Nxh5 6. Rxh5 gxh5 7. e4 Bg4 8. f3 Bc8 9. Be3 Nc6 10. Qa4 Bd7 11. Qd1 e5 12. d5 Nd4 13. Qd2 Qh4+ 14. Bf2 Qf6 15. Be3 Qh4+ 16. Bf2 Qf6 17. Be3 Rg8 18.
O-O-O Qg6 19. b4 a5 20. b5 b6 21. Nge2 Nxe2+ 22. Bxe2 Bf6 23. Rh1 Bg5 24. Nd1 Bxe3 25.
Nxe3 O-O-O 26. Rh2 Qg5 27. a4 h4 28. Nf1 h6 29. Qxg5 hxg5 30. Ne3 Rdf8 31. Bd3 Kd8 32. Kd2 Rg6 33. Ng4 f5 34. Nf2 fxe4 35. Bxe4 Rgf6 36. Ke3 Ke7 37. Nd3 Rh8 38. g4 Rhf8 39. Nf2 Be8 40. Nh3 Bg6 41. Nxg5 Bxe4 42. Kxe4 Rf4+ 43. Ke3 Rxc4 44.
Rxh4 Kd7 45. Rh7+ Kc8 46. Ne6 Rc3+ 47. Kd2 Rfxf3 48. Rh8+ Kd7 49. Rh7+ Ke8 50. g5 Rcd3+ 51. Ke2 Rde3+ 52. Kd2 Rd3+ 53. Ke2 Rfe3+ 54. Kf2 e4 55. g6 Rf3+ 56. Ke2 Rde3+ 57. Kd2 Rd3+ 58. Ke2 Rg3 59.
Ng7+ Kf8 60. Ne6+ Ke8 61. Ng7+ Kf8 62. Ne6+ Kg8 63. Rg7+ Kh8 64. Rh7+ Kg8 65. Rg7+ Kh8 66. Rh7+ Kg8 1/2-1/2

[Event "*** Titled Tuesday Blitz"]
[Site "Chess.com"]
[Date "2021.02.02"]
[Round "4"]
[White "Vasily85"]
[Black "IMAghasiyevKamal"]
[Result "1-0"]
[WhiteElo "2433"]
[BlackElo "2592"]
[TimeControl "180+1"]
[EndTime "10:43:19 PST"]
[Termination "Vasily85 won by resignation"]

1. d4 d5 2. Nc3 Nf6 3. Bf4 a6 4. e3 e6 5. g4 h6 6. h4 c5 7. Bg2 Nc6 8. g5 hxg5 9. hxg5 Rxh1 10. Bxh1 Nd7 11. g6 f6 12. Qd2 Qa5 13. Nge2 Nb6 14. Bc7 cxd4 15. Nxd4 Nxd4 16. Qxd4 Qc5 17. Bxb6 Qxd4 18.
exd4 Bd6 19. Ke2 Kd7 20. Bf3 Kc6 21. Bc5 Bf4 22. Rh1 Bd7 23. Rh7 Rg8 24. Kd3 Be8 25.
Bh5 e5 26. Ne2 Bh6 27. Ng3 Bd7 28. Bb4 b6 29. Bd2 e4+ 30. Ke2 Bxd2 31. Kxd2 f5 32. Ne2 Kd6 33. Nf4 Be6 34. c3 Ke7 35. Bd1 Kf6 36. Bb3 Rd8 37. Rh5 Bg8 38. Ke3 b5 39.
Ke2 Rd7 40. Ng2 Kxg6 41. Rh8 Bf7 42. Ra8 Rd6 43. Ke3 Kf6 44. f4 exf3 45. Kxf3 g5 46. Bc2 Re6 47. Rd8 Bh5+ 48. Kg3 Re2 49. Bd3 Rxb2 50.
Rd6+ Ke7 51. Rxa6 Rd2 52. Bxf5 Re2 53. Bg6 Bxg6 54. Rxg6 Rxa2 55. Rxg5 Rc2 56. Rxd5 Rxc3+ 57. Kf4 b4 58. Ne3 b3 59. Rb5 Kd7 60. Ke4 Kc6 61. Rb8 Kc7 62. Nd5+ Kxb8 63. Nxc3 Kc7 64. Kd3 Kc6 65. Na4 Kb5 66. Nb2 Kb4 67. Kd2 Ka3 68. Kc3 Ka2 69. d5 Kb1 70. d6 1-0